 Dungeon Crawl Stone Soup version 0.30.0-20-g3615ddf2f0 (webtiles) character file.

Game seed: 15076262117822702126

1582 qw the Cleaver (level 8, 0/51 HPs)
             Began as a Gargoyle Fighter on June 1, 2023.
             Was an Initiate of Okawaru.
             Killed by divine providence
             ... invoked by an orc priest
              (12 damage)
             ... on level 7 of the Dungeon.
             The game lasted 00:03:12 (6064 turns).

qw the Cleaver (Gargoyle Fighter)                   Turns: 6064, Time: 00:03:13

Health: 0/51       AC: 22    Str: 24 (25) XL:     8   Next: 92%
Magic:  8/8        EV:  8    Int:  8 (9)  God:    Okawaru [......]
Gold:   258        SH:  4    Dex:  8      Spells: 7/7 levels left

rFire   . . .        Y - +0 war axe
rCold   . . .        c - +0 buckler
rNeg    + + .        k - +0 chain mail
rPois   inf          a - +0 helmet
rElec   +            (no cloak)
rCorr   .            i - +0 pair of gloves
SInv    .            o - +0 pair of boots
Will    .....        s - amulet of the acrobat Stlth
                     g - ring of positive energy
HPRegen 0.28/turn    l - +4 ring of protection
MPRegen 0.11/turn

%: acrobat
@: no status effects
A: sickness immunity, AC +5, negative energy resistance 1, electricity
resistance, torment resistance 1, petrification resistance, hooves 1,
deterioration 1, strong 1
a: Renounce Religion


You were on level 7 of the Dungeon.
You worshipped Okawaru.
Okawaru was noncommittal.
You visited 1 branch of the dungeon, and saw 7 of its levels.
You also visited: Sewer.

You collected 258 gold pieces.


Innate Abilities, Weirdness & Mutations

You are immune to sickness and miasma.
Your stone body is resilient. (AC +5)
You are immune to poison.
You resist negative energy. (rN+)
You are resistant to electric shocks. (rElec)
You are resistant to unholy torment.
You are immune to petrification.
You have large cloven feet.
Your body sometimes deteriorates upon taking damage.
Your muscles are strong. (Str +4, Int/Dex -1)


   Skills:
 - Level 6.2 Fighting
 + Level 8.6 Axes
 - Level 1.2 Throwing
 - Level 4.0 Armour
 - Level 1.1 Dodging
 - Level 3.2 Shields


You had 7 spell levels left.
You didn't know any spells.
Your spell library was empty.

Inventory:

Hand Weapons
 m - a +0 morningstar
 Y - a +0 war axe (weapon)
Missiles
 p - 3 boomerangs (quivered)
Armour
 a - a +0 helmet (worn)
 c - a +0 buckler (worn)
 i - a +0 pair of gloves (worn)
 k - a +0 chain mail (worn)
 o - a +0 pair of boots (worn)
Jewellery
 g - a ring of positive energy (left hand)
 l - a +4 ring of protection (right hand)
 s - an amulet of the acrobat (around neck)
Scrolls
 h - 3 scrolls of identify
 q - 2 scrolls of teleportation
Potions
 b - a potion of mutation
 d - a potion of might
 e - a potion of heal wounds
 f - 3 potions of curing
 j - 5 potions of haste
 n - a potion of cancellation
 r - a potion of flight {unknown}

Dungeon Overview and Level Annotations

Branches:
Dungeon (7/15)              Sewer (visited)
 Temple: D:4-7

Altars:
Makhleb
Okawaru
Wu Jian


Message History

The orc is moderately wounded.
The orc hits you but does no damage.
You hit the orc.
The orc is heavily wounded.
The orc priest calls down the wrath of Beogh upon you.
Beogh smites you!
Your body deteriorates!
You feel weakened. The orc barely misses you.
The orc wizard gestures at you while chanting.
The puff of flame hits you!
You slash the orc!
You kill the orc!
Okawaru accepts your kill.
You slash the orc!
You kill the orc!
Okawaru accepts your kill.
The orc priest calls down the wrath of Beogh upon you.
Beogh smites you!
Your body deteriorates!
You feel dopey. The orc wizard casts a spell at you.
You resist with some effort.
An orc comes into view. It is wielding a +0 mace.
Found 15 gold pieces.
The orc wizard points at you and mumbles some strange words.
The magic dart hits you but does no damage.
Enter note:
Found a glowing scarf.
Enter note: You hit the orc priest but do no damage.
You hit the orc wizard.
The orc priest miscasts a cantrip.
The orc wizard hits you but does no damage.
You closely miss the orc wizard.
The orc wizard is lightly wounded.
You closely miss the orc. You hit the orc priest.
The orc priest hits you with a +0 whip. The orc barely misses you.
The orc wizard hits you but does no damage.
The orc priest mumbles some strange prayers to Beogh against you.
Beogh smites you!
You die...

.##..........###...
..
..).......)..........
..###.....)..# .#
.##########.)###
#.###$ ...# #....#
#...... .#....
...##.#.##....#
###### .$.......)..#
........)..##
...#####..@o# ##
##o#o# # #....#
...#... [### #... #
#... .... .....


You could see an orc priest, an orc wizard and an orc.

Vanquished Creatures
  A wyvern (D:5)
  An orc warrior (D:5)
  Pargi (D:3)
  An ice beast (D:5)
  An ogre (D:6)
  4 kobold brigands (Sewer)
  4 scorpions
  2 jellies
  3 hounds
  Jessica (D:2)
  Ijyb (D:4)
  Terence (D:2)
  3 orc wizards
  Robin (D:2)
  8 adders
  3 shadow imps
  2 white imps
  An ufetubus (D:5)
  A dart slug (D:5)
  A worm (D:4)
  15 orcs
  10 ball pythons
  10 bats
  7 endoplasms
  4 giant cockroaches
  14 goblins
  11 hobgoblins
  12 kobolds
  6 quokkas
  5 frilled lizards
  5 rats
140 creatures vanquished.

Notes
Turn   | Place    | Note
-------+----------+-------------------------------------------
     0 | D:1      | qw the Gargoyle Fighter began the quest for the Orb.
     0 | D:1      | Reached XP level 1. HP: 14/14 MP: 1/1
     0 | D:1      | 0 ||| qw: Version: 0.2-a-102-gfc559e5
     0 | D:1      | 0 ||| qw: Game counter: 626
     0 | D:1      | 0 ||| qw: Always use a shield: true
     0 | D:1      | 0 ||| qw: God list: Okawaru
     0 | D:1      | 0 ||| qw: Allow faded altars: false
     0 | D:1      | 0 ||| qw: Do Orc after D:15 true
     0 | D:1      | 0 ||| qw: Do second Lair branch before Depths: true
     0 | D:1      | 0 ||| qw: Lair rune preference: random
     0 | D:1      | 0 ||| qw: Plans: Normal, Zot:1-4, Slime:5, God:TSO, Crypt,
                  | Tomb, Pan, Hells, Abyss, Win
     0 | D:1      | 0 ||| PLANNING D:1-11
    77 | D:1      | Reached skill level 2 in Axes
   192 | D:1      | Reached XP level 2. HP: 18/19 MP: 2/2
   325 | D:1      | 325 ||| DROPPING +0 club.
   421 | D:1      | Reached skill level 3 in Axes
   554 | D:1      | 554 ||| UPGRADING to ring of positive energy.
   555 | D:1      | 555 ||| READING scroll labelled FUIROI MUVVYD.
   556 | D:1      | 556 ||| READING 2 scrolls labelled ENERAPHE ERHOL.
   557 | D:1      | 557 ||| READING scroll labelled PIXZICIRIN.
   658 | D:1      | 658 ||| DRINKING 2 white potions.
   659 | D:1      | 659 ||| DRINKING 3 metallic red potions.
   679 | D:2      | Noticed Robin
   683 | D:2      | Reached XP level 3. HP: 23/23 MP: 3/3
   685 | D:2      | Killed Robin
   702 | D:2      | Reached XP level 4. HP: 26/28 MP: 4/4
   830 | D:2      | 830 ||| Stepping ~*~*~tactically~*~*~ (hiding).
  1042 | D:2      | Noticed Jessica
  1046 | D:2      | Killed Jessica
  1047 | D:2      | Reached skill level 4 in Axes
  1075 | D:2      | Noticed Terence
  1083 | D:2      | Killed Terence
  1084 | D:2      | Reached XP level 5. HP: 31/32 MP: 5/5
  1090 | D:2      | 1090 ||| DROPPING +0 whip.
  1465 | D:2      | 1465 ||| UPGRADING to +0 helmet.
  1470 | D:2      | 1470 ||| UPGRADING to +0 pair of boots.
  1475 | D:2      | 1475 ||| UPGRADING to +0 scale mail of positive energy.
  1485 | D:2      | 1485 ||| DROPPING +0 scale mail.
  1486 | D:2      | 1486 ||| UPGRADING to +4 ring of protection.
  1487 | D:2      | 1487 ||| READING scroll labelled YLOASA HEEKUNU.
  1488 | D:2      | 1488 ||| READING scroll labelled ULIZOU BIJ SUPS.
  1589 | D:3      | 1589 ||| Stepping ~*~*~tactically~*~*~ (stealth).
  1606 | D:3      | 1606 ||| Stepping ~*~*~tactically~*~*~ (stealth).
  1700 | D:3      | Noticed Pargi
  1710 | D:3      | Killed Pargi
  1711 | D:3      | Reached skill level 5 in Axes
  1711 | D:3      | Reached XP level 6. HP: 35/37 MP: 6/6
  1798 | D:3      | Found a faded altar of an unknown god.
  1836 | D:3      | 1836 ||| DROPPING +0 flail.
  1981 | D:3      | Found a burning altar of Makhleb.
  1984 | D:3      | 1984 ||| READING scroll labelled VARPHU PUWAMADD.
  2125 | D:3      | 2125 ||| Stepping ~*~*~tactically~*~*~ (hiding).
  2141 | D:3      | 2141 ||| Stepping ~*~*~tactically~*~*~ (stealth).
  2174 | D:3      | 2174 ||| Stepping ~*~*~tactically~*~*~ (stealth).
  2269 | D:3      | 2269 ||| READING scroll labelled LIOSKECUMN.
  2270 | D:3      | 2270 ||| DRINKING 2 brown potions.
  2271 | D:3      | 2271 ||| DROPPING potion of brilliance.
  2461 | D:4      | Noticed Ijyb
  2481 | D:4      | Killed Ijyb
  2585 | D:4      | 2585 ||| Stepping ~*~*~tactically~*~*~ (hiding).
  2587 | D:4      | 2587 ||| Stepping ~*~*~tactically~*~*~ (hiding).
  2588 | D:4      | 2588 ||| Stepping ~*~*~tactically~*~*~ (hiding).
  2741 | D:4      | 2741 ||| Stepping ~*~*~tactically~*~*~ (stealth).
  2742 | D:4      | 2742 ||| Stepping ~*~*~tactically~*~*~ (stealth).
  2954 | D:4      | 2954 ||| DROPPING +0 flail of protection.
  3010 | D:4      | Reached skill level 1 in Dodging
  3493 | D:4      | 3493 ||| UPGRADING to +0 chain mail.
  3503 | D:4      | 3503 ||| DROPPING +0 scale mail of positive energy.
  3504 | D:4      | 3504 ||| READING 2 scrolls of identify.
  3504 | D:4      | 3504 ||| IDENTIFYING fuming black potion
  3505 | D:4      | 3505 ||| DROPPING potion of invisibility.
  3554 | D:5      | Entered Level 5 of the Dungeon
  3555 | D:5      | 3555 ||| PLANNING SEWER
  3595 | D:5      | Reached skill level 6 in Axes
  3595 | D:5      | Reached XP level 7. HP: 43/43 MP: 7/7
  3648 | D:5      | 3648 ||| Stepping ~*~*~tactically~*~*~ (stealth).
  3711 | D:5      | Noticed a wyvern
  3721 | D:5      | Killed a wyvern
  3722 | D:5      | Reached skill level 7 in Axes
  3791 | D:5      | 3791 ||| Stepping ~*~*~tactically~*~*~ (stealth).
  3792 | D:5      | 3792 ||| Stepping ~*~*~tactically~*~*~ (stealth).
  3794 | D:5      | 3794 ||| Stepping ~*~*~tactically~*~*~ (stealth).
  3797 | D:5      | 3797 ||| Stepping ~*~*~tactically~*~*~ (hiding).
  3798 | D:5      | 3798 ||| Stepping ~*~*~tactically~*~*~ (hiding).
  3800 | D:5      | 3800 ||| Stepping ~*~*~tactically~*~*~ (hiding).
  3939 | D:5      | Found an iron altar of Okawaru.
  4014 | D:5      | Found a glowing drain.
  4023 | Sewer    | Entered a sewer
  4240 | Sewer    | Reached XP level 8. HP: 48/49 MP: 8/8
  4369 | Sewer    | Reached skill level 8 in Axes
  4381 | Sewer    | 4381 ||| READING scroll labelled ETWOMIRIPP.
  4382 | Sewer    | 4382 ||| DRINKING 2 fizzy ruby potions.
  4387 | D:5      | 4387 ||| PLANNING OKAWARU WORSHIP
  4456 | D:5      | Became a worshipper of Warmaster Okawaru
  4456 | D:5      | 4456 ||| PLANNING D:1-11
  4612 | D:5      | 4612 ||| Stepping ~*~*~tactically~*~*~ (hiding).
  4634 | D:5      | 4634 ||| Stepping ~*~*~tactically~*~*~ (stealth).
  4942 | D:5      | 4942 ||| UPGRADING to +0 pair of gloves.
  4947 | D:5      | 4947 ||| DRINKING 2 bubbling orange potions.
  4947 | D:5      | Gained mutation: Your body sometimes deteriorates upon
                  | taking damage. [potion of mutation]
  4947 | D:5      | Gained mutation: Your muscles are strong. (Str +4, Int/Dex
                  | -1) [potion of mutation]
  4947 | D:5      | Gained mutation: You have large cloven feet. [potion of
                  | mutation]
  4948 | D:5      | 4948 ||| READING 3 scrolls of identify.
  4948 | D:5      | 4948 ||| IDENTIFYING blue potion
  4949 | D:5      | 4949 ||| READING 2 scrolls of identify.
  4949 | D:5      | 4949 ||| IDENTIFYING viscous emerald potion
  4950 | D:5      | 4950 ||| DROPPING potion of degeneration.
  5118 | D:6      | 5118 ||| Stepping ~*~*~tactically~*~*~ (stealth).
  5160 | D:6      | Reached skill level 6 in Fighting
  5182 | D:6      | 5182 ||| FLEEEEING.
  5187 | D:6      | 5187 ||| FLEEEEING.
  5188 | D:6      | 5188 ||| FLEEEEING.
  5189 | D:6      | 5189 ||| FLEEEEING.
  5190 | D:6      | 5190 ||| FLEEEEING.
  5195 | D:6      | 5195 ||| STAIRDANCE
  5232 | D:5      | 5232 ||| READING scroll labelled RAOFOTW YKACIA.
  5235 | D:6      | 5235 ||| STAIRDANCE
  5376 | D:6      | 5376 ||| Stepping ~*~*~tactically~*~*~ (hiding).
  5378 | D:6      | 5378 ||| Stepping ~*~*~tactically~*~*~ (hiding).
  5496 | D:6      | Reached skill level 1 in Throwing
  5691 | D:6      | Found an ornate altar of the Wu Jian Council.
  5771 | D:6      | 5771 ||| UPGRADING to amulet of the acrobat.
  5776 | D:6      | 5776 ||| READING scroll labelled RATANI WODUTRE.
  5777 | D:6      | 5777 ||| READING scroll labelled TYP APPUXU.
  5856 | D:7      | 5856 ||| Stepping ~*~*~tactically~*~*~ (hiding).
  5857 | D:7      | 5857 ||| Stepping ~*~*~tactically~*~*~ (hiding).
  5858 | D:7      | 5858 ||| Stepping ~*~*~tactically~*~*~ (hiding).
  5859 | D:7      | 5859 ||| Stepping ~*~*~tactically~*~*~ (hiding).
  6009 | D:7      | 6009 ||| Stepping ~*~*~tactically~*~*~ (hiding).
  6011 | D:7      | 6011 ||| Stepping ~*~*~tactically~*~*~ (hiding).
  6056 | D:7      | 6056 ||| Stepping ~*~*~tactically~*~*~ (hiding).
  6064 | D:7      | HP: 12/51 [orc priest/+0 whip (2)]
  6064 | D:7      | Killed from afar by an orc priest

Levels and vault maps discovered:
D:1:      eino_arrival_cavern_e, layout_rooms
D:2:      layout_basic, minmay_surrounded, uniq_robin, uniq_jessica,
          uniq_terence
D:3:      layout_basic, mainiacjoe_overflow_boulevard,
          shapermc_ecumenical_altar_mp_highgroup, chequers_hall_statues_wall_a,
          uniq_pargi
D:4:      layout_gridville, serial_bayou, serial_bayou_pond_e,
          serial_bayou_pond_e, serial_bayou_shore_a, serial_bayou_crossing,
          serial_bayou_ford_a, nicolae_eternal_life, uniq_ijyb
D:5:      layout_basic, marbit_many_paths, cheibrodos_sewer_entry_drain
D:6:      layout_cave_pools, nzn_wu_jian_council_hall, hangedman_decor_lopped
D:7:      layout_rooms, mainiacjoe_overflow_surrounded_room,
          minmay_temple_entry_proselytizer, serial_glass, glass_columns_b,
          glass_columns_b, uniq_pikel

Skill      XL: |  1  2  3  4  5  6  7  8 |
---------------+-------------------------+-----
Axes           | 2 3 4 5 6 7 8 |  8.6
Fighting       | 4 5 6 |  6.2
Dodging        | 1 |  1.1
Armour         | 4 |  4.0
Throwing       | 1 |  1.2
Shields        | |  3.2

Action                     |  1- 3 |  4- 6 |  7- 9 || total
---------------------------+-------+-------+-------++-------
  Melee: War axe           |    60 |   202 |   232 ||   494
  Throw: Boomerang         |       |       |     5 ||     5
    Use: Scroll            |     3 |     5 |     6 ||    14
         Potion            |     2 |     1 |     2 ||     5
 Armour: Scale mail        |    33 |   114 |       ||   147
         Chain mail        |       |     5 |   153 ||   158
  Dodge: Dodged            |    29 |    90 |    97 ||   216
  Block: Buckler           |    12 |    35 |    26 ||    73

Table legend:
 A = Non-vault XP
 B = Vault XP
 C = Vault XP percentage of total XP
 D = Non-vault monster count
 E = Vault monster count
 F = Vault count percentage of total count
                 A         B        C        D         E       F
            +---------+---------+-------+---------+---------+-------
      Total |    1479 |     782 |  34.6 |      99 |      41 |  29.3
            +---------+---------+-------+---------+---------+-------
        D:1 |      30 |       0 |   0.0 |      17 |       0 |   0.0
        D:2 |      32 |     113 |  77.9 |      12 |      16 |  57.1
        D:3 |      55 |     134 |  70.9 |      19 |       1 |   5.0
        D:4 |     180 |      36 |  16.7 |      16 |       1 |   5.9
        D:5 |     739 |      82 |  10.0 |      15 |       3 |  16.7
        D:6 |     373 |       0 |   0.0 |      13 |       0 |   0.0
        D:7 |      70 |       0 |   0.0 |       7 |       0 |   0.0
      Sewer |       0 |     417 | 100.0 |       0 |      20 | 100.0
            +---------+---------+-------+---------+---------+-------
